 Dungeon Crawl Stone Soup version 0.31-a0-986-g5e6e4ef867 (webtiles) character file.

Game seed: 2313197999518465433

2 strifetoe the Shooter (level 1, -1/12 (17) HPs)
             Began as a Meteoran Hunter on Nov 12, 2023.
             Slain by a worm (4 damage)
             ... on level 2 of the Dungeon.
             The game lasted 00:00:34 (116 turns).

strifetoe the Shooter (Meteoran Hunter)              Turns: 116, Time: 00:00:35

HP:   -1/12 (17)    AC:  3    Str: 12    XL:     1   Next: 57%
MP:   2/2           EV: 12    Int: 10    God:
Gold: 35            SH:  0    Dex: 17    Spells: 0/0 levels left

rFire   . . .        a - +0 shortbow
rCold   . . .        (shield currently unavailable)
rNeg    . . .        c - +0 leather armour
rPois   .            (no helmet)
rElec   .            (no cloak)
rCorr   .            (no gloves)
SInv    .            (no boots)
Will    .....        (no amulet)
Stlth   +            (no ring)
HPRegen 0.22/turn    (no ring)
MPRegen 0.08/turn

%: no passive effects
@: glowing, very heavily drained
A: sense surroundings 1, otherworldly, glowing, explore regen
a: no special abilities


You were on level 2 of the Dungeon.
You visited 1 branch of the dungeon, and saw 2 of its levels.

You collected 35 gold pieces.

Inventory:

Hand Weapons
 a - a +0 shortbow (weapon)
 e - a +0 short sword
Armour
 c - a +0 leather armour (worn)
Scrolls
 b - a scroll of butterflies
Potions
 d - a potion of magic {unknown}


   Skills:
 - Level 2.1 Fighting
 + Level 4.5 Ranged Weapons
 - Level 2.1 Dodging
 - Level 0.6 Stealth


You couldn't memorise any spells.
You didn't know any spells.
Your spell library was empty.

Dungeon Overview and Level Annotations

Branches:
Dungeon (2/15) Zot: 1082

Altars:


Innate Abilities, Weirdness & Mutations

You passively map a small area around you.
You are easily found by Zot.
You glow in the dark.
You regain HP and MP as you explore.


Message History

There is a stone staircase leading up here.
Fire: a) +0 shortbow
Press: ? - help, Q - select action Shift-Dir - straight line, f - goblin
Aim: a goblin, wielding a +1 dagger of draining (56% to hit)
You shoot an arrow. The arrow closely misses the goblin.
The arrow hits the worm!
The worm is heavily wounded.
Fire: a) +0 shortbow
Press: ? - help, Q - select action Shift-Dir - straight line, f/p - goblin
Aim: a goblin, wielding a +1 dagger of draining (56% to hit)
You shoot an arrow. The arrow barely misses the goblin.
The arrow barely misses the worm.
The goblin hits you with a +1 dagger of draining.
You feel drained.
Fire: a) +0 shortbow
Press: ? - help, Q - select action Shift-Dir - straight line, f/p - goblin
Aim: a goblin, wielding a +1 dagger of draining (56% to hit)
You shoot an arrow. The arrow closely misses the goblin.
The arrow hits the worm!
The worm is almost dead.
The goblin hits you with a +1 dagger of draining.
You feel drained.
Fire: a) +0 shortbow
Press: ? - help, Q - select action Shift-Dir - straight line, f/p - goblin
Aim: a goblin, wielding a +1 dagger of draining (56% to hit)
You shoot an arrow.
The arrow hits the goblin but does no damage.
The goblin hits you with a +1 dagger of draining.
You feel drained.
Fire: a) +0 shortbow
Press: ? - help, Q - select action Shift-Dir - straight line, f/p - goblin
Aim: a goblin, wielding a +1 dagger of draining (56% to hit)
You shoot an arrow.
The arrow hits the goblin but does no damage.
The goblin hits you with a +1 dagger of draining.
You feel drained.
* * * LOW HITPOINT WARNING * * *
The goblin barely misses you. The worm attacks as it pursues you!
The worm bites you.
You die...

* ,,
#.$.#,.. ,,
, * #...#..
* #...#., ,
,,..... , ,
*, #...#
,** , # *
#...# * ,*
*
#..####g..#
#######*
#......w#
,, #.....#
*#.#.##.@#
* #.....+ *
#.......# *
*#.....##*
* #.#.##..#
#...<..## *
.. #..# * *
*#...)....
*## #...**
#......##
###..#
#........
#..
#......#. *
.##
#......#.
..#
##....##


You could see a worm and a goblin.

Vanquished Creatures
  2 kobolds
  A ball python (D:1)
3 creatures vanquished.

Notes
Turn   | Place    | Note
-------+----------+-------------------------------------------
     0 | D:1      | strifetoe the Meteoran Hunter began the quest for the Orb.
     0 | D:1      | Reached XP level 1. HP: 17/17 MP: 2/2
   116 | D:2      | Slain by a worm

Illustrated notes

Levels and vault maps discovered:
D:1:      beargit_arrival_diablo_church, layout_basic,
          shapermc_ecumenical_altar_flowoftime, minmay_vboxes
D:2:      layout_basic, minmay_circle_x

Action                     || total
---------------------------++-------
   Fire: Shortbow          ||    10
 Armour: Leather armour    ||     5
  Dodge: Dodged            ||     1

Table legend: (Time is in decaauts)
 A = Elapsed time spent in this place.
 B = Non-inter-level travel time spent in this place.
 C = Inter-level travel time spent in this place.
 D = Time resting spent in this place.
 E = Time spent auto-exploring this place.
 F = Levels seen in this place.
 G = Mean time per level.
                   A        B        C        D        E       F      G
               +--------+--------+--------+--------+--------+-----+--------+
         Total |    116 |    116 |      0 |      0 |     16 |   2 |   58.0 |
       Dungeon |    116 |    116 |      0 |      0 |     16 |   2 |   58.0 |
               +--------+--------+--------+--------+--------+-----+--------+

Top non-repeatable levels by time:
     D:1: 85 daAuts
     D:2: 31 daAuts
